 Dungeon Crawl Stone Soup version 0.26-b1-32-g5d43845318 (webtiles) character file.

Game seed: 16639697230458193498

958 MisterFreud the Covert (level 8, -7/100 HPs)
             Began as a Gnoll Delver on Jan 9, 2021.
             Was an Initiate of Ru.
             Mangled by an orc warrior
             ... wielding a +0 dire flail
              (15 damage)
             ... on level 6 of the Dungeon.
             The game lasted 00:11:30 (5240 turns).

MisterFreud the Covert (Gnoll Delver)               Turns: 5240, Time: 00:11:31

Health: -7/100     AC: 16    Str: 15    XL:     8   Next: 14%
Magic:  12/12      EV:  2    Int: 15    God:    Ru [......]
Gold:   49         SH:  0    Dex: 16    Spells: 13/13 levels left

rFire    . . .     SeeInvis .   a - +0 short sword
rCold    . . .     Faith    .   (no shield)
rNeg     + + +     Spirit   .   (armour currently unavailable)
rPois    +         Reflect  .   (helmet currently unavailable)
rElec    .         Harm     .   (cloak currently unavailable)
rCorr    .         Rampage  .   (gloves currently unavailable)
Will     .....     NoTele   +   (boots currently unavailable)
Stlth    ++++......             j - amulet of regeneration
HPRegen  0.66/turn              (no ring)
MPRegen  0.13/turn              (no ring)

@: tree-form (expiring), corroded
A: distributed training, strong nose
a: Renounce Religion


You were on level 6 of the Dungeon.
You worshipped Ru.
Ru was noncommittal.
You were a tree.
You visited 2 branches of the dungeon, and saw 8 of its levels.

You collected 296 gold pieces.
You spent 247 gold pieces at shops.

Inventory:

Hand Weapons
 a - a +0 short sword (weapon)
 m - a +0 falchion of protection
Missiles
 p - 165 stones (quivered)
 r - 10 javelins
 x - 42 sling bullets
 F - a throwing net
Armour
 b - a +0 leather armour
 u - a +0 pair of boots (melded)
 y - a +0 ring mail (melded)
 B - the +0 pair of gloves of a Labyrinth (melded) {Str-4 Int+2 Dex+4}
   (You bought it in a shop on level 4 of the Dungeon)

   It affects your strength (-4).
   It affects your intelligence (+2).
   It affects your dexterity (+4).
Jewellery
 j - an amulet of regeneration (around neck)
Wands
 g - a wand of digging (3)
 o - a wand of enslavement (7)
Scrolls
 c - a scroll of fog
 d - 2 scrolls of magic mapping
 e - 2 scrolls of fear
 h - 4 scrolls of teleportation
 i - 2 scrolls of remove curse
 k - a scroll of immolation {unknown}
 n - 5 scrolls of amnesia {unknown}
 s - 3 scrolls of enchant armour {unknown}
 E - a scroll of identify
 H - 2 scrolls of blinking {unknown}
Potions
 f - 2 potions of haste
 l - 3 potions of lignification
 q - 4 potions of curing
 t - a potion of flight
 v - 3 potions of might
 w - 2 potions of magic
 z - a potion of invisibility
 A - a potion of attraction
 C - a potion of berserk rage {unknown}
 D - a potion of degeneration {unknown}
 G - a potion of experience {unknown}


   Skills:
 + Level 7.2 Fighting
 + Level 5.5 Short Blades
 + Level 3.0 Long Blades
 + Level 3.0 Axes
 + Level 3.0 Maces & Flails
 + Level 3.0 Polearms
 + Level 3.0 Staves
 + Level 3.0 Slings
 + Level 3.0 Bows
 + Level 3.0 Crossbows
 + Level 3.0 Throwing
 + Level 3.0 Armour
 + Level 5.5 Dodging
 + Level 10.0 Stealth
 + Level 3.0 Shields
 + Level 3.0 Unarmed Combat
 + Level 3.0 Spellcasting
 + Level 2.4 Conjurations
 + Level 2.4 Hexes
 + Level 2.4 Summonings
 + Level 2.4 Necromancy
 + Level 2.4 Translocations
 + Level 2.4 Transmutations
 + Level 2.4 Fire Magic
 + Level 2.4 Ice Magic
 + Level 2.4 Air Magic
 + Level 2.4 Earth Magic
 + Level 2.4 Poison Magic
 + Level 3.3 Invocations
 + Level 3.0 Evocations


You had 13 spell levels left.
You didn't know any spells.
Your spell library was empty.

Dungeon Overview and Level Annotations

Branches:
Dungeon (7/15)             Temple (1/1) D:6

Altars:
Ashenzari
Cheibriados
Dithmenos
Elyvilon
Fedhas
Gozag
Hepliaklqana
Kikubaaqudgha
Makhleb
Nemelex Xobeh
Okawaru
Qazlal
Ru
Sif Muna
Uskayaw
Vehumet
Wu Jian
Xom
Yredelemnul
Zin
The Shining One

Shops:
D:4 *

Annotations:
D:7 Maggie


Innate Abilities, Weirdness & Mutations

Your experience applies equally to all skills.
((You have very sharp teeth.))
Your uncanny sense of smell can sniff out nearby items.


Message History

Your transformation is almost over.
The jelly hits you but does no damage.
The orc warrior hits you with a +0 dire flail!
* * * LOW HITPOINT WARNING * * *
You hit the orc warrior but do no damage.
The orc warrior is almost dead.
The jelly hits you but does no damage.
You hit the orc warrior but do no damage.
The orc warrior is almost dead.
The orc warrior hits you but does no damage.
The jelly hits you but does no damage.
You hit the orc warrior but do no damage.
The orc warrior is almost dead.
The orc warrior hits you with a +0 dire flail!
* * * LOW HITPOINT WARNING * * *
The jelly hits you but does no damage.
You hit the orc warrior but do no damage.
The orc warrior is almost dead.
The orc warrior hits you with a +0 dire flail!
You die...

#.....#.# #.###.# #.#.#
###..####.# #...#.# #.#.#
#.......#.# ###.#.# ##.#.#
#.......#.########.#.###....#
.....................##.....##
........#########............#
#.......# ##.####.....##
#.......# ####.#####...##
#.......# #.♣J........##
###..#### #o##.######## #.##
#.##.# #.# #.##.# #.# #.##.#
#.# #.##.# #.# #.##.# #.#
#.##.### #.# ##......#


You could see an orc warrior and a jelly.

Vanquished Creatures
  An ice beast (D:5)
  Blork the orc (D:5)
  4 bullfrogs
  2 howler monkeys
  A hound (D:6)
  A bullfrog skeleton (D:5)
  A centaur skeleton (D:7)
  A gnoll shaman (D:6)
  An orc priest (D:6)
  An orc wizard (D:4)
  An iguana (D:4)
  3 worker ants
  A hound zombie (D:6)
  A hound skeleton (D:4)
  2 gnolls (D:6)
  5 adders
  A howler monkey skeleton (D:5)
  A shadow imp (D:6)
  2 oozes
  An adder skeleton (D:5)
  4 worms
  2 dart slugs
  2 leopard geckos
  6 orcs
  A ball python (D:1)
  3 giant cockroaches
  4 goblins
  2 hobgoblins
  A jackal (D:6)
  3 quokkas
  6 bats
  4 frilled lizards
  7 kobolds
  4 rats
81 creatures vanquished.

Notes
Turn   | Place    | Note
-------+----------+-------------------------------------------
     0 | D:5      | Reached skill level 9 in Stealth
     0 | D:5      | MisterFreud the Gnoll Delver began the quest for the Orb.
     0 | D:5      | Reached XP level 1. HP: 23/23 MP: 1/1
    80 | D:4      | Noticed a howler monkey
    93 | D:4      | Killed a howler monkey
    94 | D:4      | Reached skill level 1 in Invocations
    94 | D:4      | Reached XP level 2. HP: 21/29 MP: 1/3
    94 | D:4      | Reached XP level 3. HP: 25/35 MP: 1/4
   236 | D:4      | Noticed a bullfrog
   254 | D:4      | Killed a bullfrog
   255 | D:4      | Reached skill level 1 in Long Blades
   255 | D:4      | Reached skill level 1 in Axes
   255 | D:4      | Reached skill level 1 in Maces & Flails
   255 | D:4      | Reached skill level 1 in Polearms
   255 | D:4      | Reached skill level 1 in Staves
   255 | D:4      | Reached skill level 1 in Slings
   255 | D:4      | Reached skill level 1 in Bows
   255 | D:4      | Reached skill level 1 in Crossbows
   255 | D:4      | Reached skill level 1 in Throwing
   255 | D:4      | Reached skill level 1 in Armour
   255 | D:4      | Reached skill level 1 in Shields
   255 | D:4      | Reached skill level 1 in Unarmed Combat
   255 | D:4      | Reached skill level 1 in Spellcasting
   255 | D:4      | Reached skill level 1 in Conjurations
   255 | D:4      | Reached skill level 1 in Hexes
   255 | D:4      | Reached skill level 1 in Summonings
   255 | D:4      | Reached skill level 1 in Necromancy
   255 | D:4      | Reached skill level 1 in Translocations
   255 | D:4      | Reached skill level 1 in Transmutations
   255 | D:4      | Reached skill level 1 in Fire Magic
   255 | D:4      | Reached skill level 1 in Ice Magic
   255 | D:4      | Reached skill level 1 in Air Magic
   255 | D:4      | Reached skill level 1 in Earth Magic
   255 | D:4      | Reached skill level 1 in Poison Magic
   255 | D:4      | Reached skill level 1 in Evocations
   255 | D:4      | Reached XP level 4. HP: 26/41 MP: 5/5
   694 | D:1      | Reached XP level 5. HP: 47/47 MP: 6/6
  1339 | D:2      | Found a shimmering altar of Xom.
  1734 | D:2      | Noticed an ogre
  1753 | D:2      | HP: 1/47 [ogre/+0 giant club (21)]
  2268 | D:3      | You fall into a shaft and drop 2 floors!
  2283 | D:5      | Noticed Blork the orc
  2317 | D:5      | Killed Blork the orc
  2318 | D:5      | Reached XP level 6. HP: 42/53 MP: 8/8
  2457 | D:5      | Noticed an ice beast
  2458 | D:5      | Killed an ice beast
  2459 | D:5      | Reached skill level 5 in Short Blades
  2459 | D:5      | Reached skill level 5 in Dodging
  2715 | D:4      | Reached XP level 7. HP: 53/59 MP: 10/10
  2838 | D:4      | Found Ludeim Beraa's Assorted Antiques.
  2949 | D:4      | Bought a pair of masterwork gloves for 247 gold pieces
  2954 | D:4      | Identified the +0 pair of gloves of a Labyrinth {Str-4
                  | Int+2 Dex+4} (You bought it in a shop on level 4 of the
                  | Dungeon)
  3570 | D:5      | Found a shimmering blue altar of Sif Muna.
  3988 | D:5      | Found a hazy altar of Hepliaklqana.
  3997 | D:5      | Found a radiant altar of Vehumet.
  3999 | D:5      | Found an ancient bone altar of Kikubaaqudgha.
  3999 | D:5      | Found a snail-covered altar of Cheibriados.
  4002 | D:5      | Found a stormy altar of Qazlal.
  4092 | D:6      | Found a staircase to the Ecumenical Temple.
  4108 | Temple   | Entered the Ecumenical Temple
  4235 | Temple   | Became a worshipper of Ru the Awakened
  4499 | D:7      | Noticed Maggie
  4884 | D:6      | Reached skill level 10 in Stealth
  4884 | D:6      | Reached XP level 8. HP: 65/67 MP: 12/12
  5240 | D:6      | Mangled by an orc warrior

Illustrated notes

Levels and vault maps discovered:
D:1:      elethiomel_arrival_maze, layout_basic
D:2:      layout_rooms, serial_glass, glass_columns_a, glass_columns_a,
          xom_teletrap_fun
D:3:      layout_basic
D:4:      layout_basic, serial_shops, nicolae_shop_crystal, item_on_display_a
D:5:      minmay_angry_zag, layout_loops_ring, minitemple,
          lemuel_blue_sif_altar, uniq_blork_the_orc
D:6:      layout_loops_ring, minmay_temple_entry_purple_smoke
D:7:      layout_rooms, serial_curves, eino_curves_02, eino_curves_02,
          uniq_crazy_yiuf_cottage, uniq_maggie, uniq_joseph, uniq_harold
Temple:   kb_temple_of_zot

Skill      XL: |  1  2  3  4  5  6  7  8 |
---------------+-------------------------+-----
Stealth        | 10 | 10.0
Invocations    | 1 2 3 |  3.3
Long Blades    | 1 2 3 |  3.0
Axes           | 1 2 3 |  3.0
Maces & Flails | 1 2 3 |  3.0
Polearms       | 1 2 3 |  3.0
Staves         | 1 2 3 |  3.0
Slings         | 1 2 3 |  3.0
Bows           | 1 2 3 |  3.0
Crossbows      | 1 2 3 |  3.0
Throwing       | 1 2 3 |  3.0
Armour         | 1 2 3 |  3.0
Shields        | 1 2 3 |  3.0
Unarmed Combat | 1 2 3 |  3.0
Spellcasting   | 1 2 3 |  3.0
Conjurations   | 1 2 |  2.4
Hexes          | 1 2 |  2.4
Summonings     | 1 2 |  2.4
Necromancy     | 1 2 |  2.4
Translocations | 1 2 |  2.4
Transmutations | 1 2 |  2.4
Fire Magic     | 1 2 |  2.4
Ice Magic      | 1 2 |  2.4
Air Magic      | 1 2 |  2.4
Earth Magic    | 1 2 |  2.4
Poison Magic   | 1 2 |  2.4
Evocations     | 1 2 3 |  3.0
Short Blades   | 5 |  5.5
Dodging        | 5 |  5.5
Fighting       | 7 |  7.2

Action                   |  1- 3 |  4- 6 |  7- 9 || total
-------------------------+-------+-------+-------++-------
Melee: Short sword       |    20 |   119 |   205 ||   344
       Bite              |     3 |    22 |    26 ||    51
       Unarmed           |       |   124 |       ||   124
       Punch             |       |     1 |     4 ||     5
Throw: Stone             |       |       |     1 ||     1
Evoke: Wand              |       |       |     1 ||     1
  Use: Scroll            |       |    11 |       ||    11
       Potion            |       |       |     3 ||     3
 Stab: Sleeping          |       |    18 |     8 ||    26
Armor: Leather armour    |     1 |    43 |       ||    44
       Ring mail         |       |    27 |    22 ||    49
       Skin              |       |       |    23 ||    23
Dodge: Dodged            |    15 |   170 |    86 ||   271
